 Dungeon Crawl Stone Soup version 0.31-a0-182-gc5ef74bbde (webtiles) character file.

Game seed: 14624237699825781851

879 qw the Shooter (level 8, 0/73 HPs)
             Began as a Naga Hunter on June 20, 2023.
             Slain by Eustachio
             ... wielding a +0 rapier
              (9 damage)
             ... on level 5 of the Dungeon.
             The game lasted 00:01:41 (3814 turns).

qw the Shooter (Naga Hunter)                        Turns: 3814, Time: 00:01:41

Health: 0/73       AC:  8    Str: 14      XL:     8   Next: 4%
Magic:  8/8        EV: 10    Int:  9      God:
Gold:   186        SH:  0    Dex: 17 (21) Spells: 7/7 levels left

rFire   . . .        Y - +1 shortbow
rCold   + . .        (shield currently unavailable)
rNeg    . . .        i - +0 leather armour {rC+}
rPois   +            k - +2 helmet
rElec   .            (no cloak)
rCorr   .            c - +0 pair of gloves of Rotten Amelioration {Regen+ Dex+4}
SInv    +            (no barding)
Will    +....        (no amulet)
Stlth   ++           (no ring)
HPRegen 1.12/turn    (no ring)
MPRegen 0.11/turn

%: no passive effects
@: about to teleport, short of breath, very slow
A: AC +2, large, see invisible, deformed body, poison resistance, slowness 2,
spit poison 1, naga tail 1
a: Spit Poison


You were on level 5 of the Dungeon.
You visited 1 branch of the dungeon, and saw 5 of its levels.

You collected 186 gold pieces.


Innate Abilities, Weirdness & Mutations

Your serpentine skin is tough. (AC +2)
You have supernaturally acute eyesight. (SInv)
Armour fits poorly on your strangely shaped body.
Your system is resistant to poisons. (rPois)
You cover ground very slowly.
You can spit poison.
You have a snake-like lower body.


   Skills:
 - Level 4.6 Fighting
 - Level 7.7 Ranged Weapons
 + Level 0.0 Armour
 - Level 2.3 Dodging
 - Level 1.5 Stealth


You had 7 spell levels left.
You didn't know any spells.
Your spell library was empty.

Inventory:

Hand Weapons
 Y - a +1 shortbow (weapon)
Armour
 a - a +2 robe of positive energy
 c - the +0 pair of gloves of Rotten Amelioration (worn) {Regen+ Dex+4}
   (You found it on level 3 of the Dungeon)

   Dex:       It affects your dexterity (+4).
   Regen:     It increases your rate of health regeneration.
 i - a +0 leather armour of cold resistance (worn)
 k - a +2 helmet (worn)
Wands
 h - a wand of digging (4)
Scrolls
 d - 3 scrolls of identify
 e - a scroll of teleportation
Potions
 f - a potion of curing
 g - a potion of enlightenment
 j - a potion of might

Dungeon Overview and Level Annotations

Branches:
Dungeon (5/15)
 Temple: D:4-7

Altars:
Sif Muna
Trog
Uskayaw
Yredelemnul

Shops:
D:4 [[:

Annotations:
D:2 1 runed translucent door, Crazy Yiuf
D:5 Eustachio


Message History

Eustachio mumbles some strange words.
Eustachio blinks!
The quasit barely misses you. The quasit closely misses you.
The quasit claws you but does no damage.
The ufetubus barely misses you. The ufetubus closely misses you.
The river rat bites you.
3810 ||| READING 3 scrolls of teleportation.
As you read the scroll of teleportation, it crumbles to dust.
You feel strangely unstable. The bat barely misses you.
The quasit bites you but does no damage.
The quasit claws you but does no damage.
The quasit barely misses you. The ufetubus hits you.
The ufetubus completely misses you. The river rat bites you.
You shoot an arrow. The arrow hits the quasit.
The quasit is severely wounded.
You have got your breath back.
The bat closely misses you. The bat misses you.
The ufetubus barely misses you. x2
The quasit bites you but does no damage.
The quasit misses you. The quasit claws you.
You feel clumsy.
The ufetubus hits you but does no damage.
The ufetubus barely misses you. The river rat bites you.
The quasit bites you but does no damage.
The quasit barely misses you. The quasit misses you.
3812 ||| INVOKING Spit Poison.
Aiming: Spit Poison (1% risk of failure)
Press: ? - help, Shift-Dir - straight line, f - Eustachio, p - quasit The splash of poison hits Eustachio.
Eustachio is almost dead.
Your surroundings seem slightly different.
The bat barely misses you. The bat hits you but does no damage.
3813 ||| READING 2 scrolls of teleportation.
As you read the scroll of teleportation, it crumbles to dust.
You feel strangely unstable. The bat hits you but does no damage.
You shoot an arrow. The arrow hits the bat.
You kill the bat!
The bat's corpse disappears in a puff of smoke!
Eustachio hits you with a +0 rapier!
You die...

#..# ###
.... ..#
#..# #.#
##.. #.#
#... #.#
#..# #.#
#.r####.#
#55@@.#.#
###.###r#.#
...r......#
#######<###
#.# #.# #.#
..# ###


You could see Eustachio (poisoned), a quasit (summoned), 2 river rats and a
white imp (summoned).

Vanquished Creatures
  Sigmund (D:2)
  An ogre (D:4)
  A phantom (D:4)
  4 scorpions (D:4)
  A jelly (D:4)
  An orc priest (D:4)
  2 iguanas (D:4)
  Jessica (D:2)
  4 adders
  3 gnolls (D:4)
  An ufetubus (D:3)
  4 worms
  A dart slug (D:3)
  17 orcs
  4 bats
  5 endoplasms
  A giant cockroach (D:4)
  6 goblins
  9 hobgoblins
  3 jackals (D:2)
  A quokka (D:4)
  7 ball pythons
  5 frilled lizards
  8 kobolds
  8 rats
99 creatures vanquished.

Notes
Turn   | Place    | Note
-------+----------+-------------------------------------------
     0 | D:1      | qw the Naga Hunter began the quest for the Orb.
     0 | D:1      | Reached XP level 1. HP: 19/19 MP: 1/1
     0 | D:1      | 0 ||| qw: Version: 0.3-a-9-g12657ce
     0 | D:1      | 0 ||| qw: Game counter: 1212
     0 | D:1      | 0 ||| qw: Always use a shield: true
     0 | D:1      | 0 ||| qw: God list: Okawaru
     0 | D:1      | 0 ||| qw: Allow faded altars: false
     0 | D:1      | 0 ||| qw: Do Orc after D:15 true
     0 | D:1      | 0 ||| qw: Do second Lair branch before Depths: true
     0 | D:1      | 0 ||| qw: Lair rune preference: random
     0 | D:1      | 0 ||| qw: Plans: Normal
     0 | D:1      | 0 ||| PLANNING D:1-11
    94 | D:1      | 94 ||| INVOKING Spit Poison.
   175 | D:1      | 175 ||| INVOKING Spit Poison.
   204 | D:1      | Reached skill level 4 in Ranged Weapons
   204 | D:1      | Reached XP level 2. HP: 16/26 MP: 2/2
   364 | D:1      | 364 ||| INVOKING Spit Poison.
   471 | D:1      | 471 ||| INVOKING Spit Poison.
   582 | D:1      | 582 ||| INVOKING Spit Poison.
   683 | D:1      | 683 ||| READING scroll labelled CIFINOLAUD.
   684 | D:1      | 684 ||| READING scroll labelled ELU TEYLIEHU.
   685 | D:1      | 685 ||| DROPPING scroll of butterflies.
   751 | D:2      | 751 ||| INVOKING Spit Poison.
   772 | D:2      | 772 ||| INVOKING Spit Poison.
   778 | D:2      | 778 ||| INVOKING Spit Poison.
   853 | D:2      | 853 ||| INVOKING Spit Poison.
   854 | D:2      | Reached XP level 3. HP: 32/32 MP: 3/3
   867 | D:2      | 867 ||| INVOKING Spit Poison.
   872 | D:2      | 872 ||| INVOKING Spit Poison.
   896 | D:2      | 896 ||| INVOKING Spit Poison.
   902 | D:2      | 902 ||| INVOKING Spit Poison.
   932 | D:2      | Found a runed translucent door.
   933 | D:2      | Noticed Crazy Yiuf
   952 | D:2      | 952 ||| INVOKING Spit Poison.
   981 | D:2      | 981 ||| INVOKING Spit Poison.
  1001 | D:2      | 1001 ||| INVOKING Spit Poison.
  1005 | D:2      | 1005 ||| INVOKING Spit Poison.
  1017 | D:2      | 1017 ||| INVOKING Spit Poison.
  1059 | D:2      | 1059 ||| INVOKING Spit Poison.
  1060 | D:2      | 1060 ||| INVOKING Spit Poison.
  1067 | D:2      | Found a basalt altar of Yredelemnul.
  1076 | D:2      | Noticed Jessica
  1078 | D:2      | 1078 ||| INVOKING Spit Poison.
  1082 | D:2      | Killed Jessica
  1083 | D:2      | Reached skill level 5 in Ranged Weapons
  1083 | D:2      | Reached XP level 4. HP: 34/39 MP: 4/4
  1214 | D:2      | 1214 ||| INVOKING Spit Poison.
  1222 | D:2      | 1222 ||| INVOKING Spit Poison.
  1226 | D:2      | 1226 ||| INVOKING Spit Poison.
  1258 | D:2      | 1258 ||| INVOKING Spit Poison.
  1260 | D:2      | Noticed Sigmund
  1262 | D:2      | 1262 ||| INVOKING Spit Poison.
  1266 | D:2      | HP: 7/39 [Sigmund/+0 scythe (17)]
  1267 | D:2      | 1267 ||| READING scroll labelled BUNOATYRHU.
  1269 | D:2      | 1269 ||| READING scroll labelled GISESOH UJYTE.
  1270 | D:2      | HP: 2/39 [Sigmund/+0 scythe (6)]
  1273 | D:2      | 1273 ||| FLEEEEING.
  1274 | D:2      | 1274 ||| FLEEEEING.
  1275 | D:2      | 1275 ||| INVOKING Spit Poison.
  1276 | D:2      | Killed Sigmund
  1277 | D:2      | Reached XP level 5. HP: 3/51 MP: 5/5
  1277 | D:2      | Reached XP level 6. HP: 3/58 MP: 6/6
  1581 | D:2      | 1581 ||| INVOKING Spit Poison.
  1590 | D:2      | 1590 ||| INVOKING Spit Poison.
  1654 | D:2      | 1654 ||| INVOKING Spit Poison.
  1714 | D:2      | 1714 ||| INVOKING Spit Poison.
  1991 | D:2      | 1991 ||| UPGRADING to +2 robe of positive energy.
  2001 | D:2      | 2001 ||| DROPPING +0 leather armour.
  2002 | D:2      | 2002 ||| READING scroll labelled ZEPOMN VUMMO.
  2003 | D:2      | 2003 ||| READING scroll labelled DIANLA DURE.
  2064 | D:2      | 2064 ||| READING 4 scrolls of identify.
  2064 | D:2      | 2064 ||| IDENTIFYING brown potion
  2065 | D:2      | 2065 ||| READING 3 scrolls of identify.
  2065 | D:2      | 2065 ||| IDENTIFYING lumpy white potion
  2066 | D:2      | 2066 ||| DROPPING potion of brilliance.
  2143 | D:3      | 2143 ||| INVOKING Spit Poison.
  2163 | D:3      | 2163 ||| INVOKING Spit Poison.
  2185 | D:3      | 2185 ||| INVOKING Spit Poison.
  2306 | D:3      | 2306 ||| INVOKING Spit Poison.
  2310 | D:3      | 2310 ||| INVOKING Spit Poison.
  2341 | D:3      | Identified the +0 pair of gloves of Rotten Amelioration
                  | {Regen+ Dex+4}
  2374 | D:3      | 2374 ||| INVOKING Spit Poison.
  2388 | D:3      | 2388 ||| INVOKING Spit Poison.
  2394 | D:3      | 2394 ||| INVOKING Spit Poison.
  2397 | D:3      | 2397 ||| INVOKING Spit Poison.
  2537 | D:3      | Found a bloodstained altar of Trog.
  2538 | D:3      | 2538 ||| INVOKING Spit Poison.
  2541 | D:3      | Found a shimmering blue altar of Sif Muna.
  2549 | D:3      | Found a hide-covered altar of Uskayaw.
  2663 | D:3      | 2663 ||| INVOKING Spit Poison.
  2691 | D:3      | 2691 ||| INVOKING Spit Poison.
  2717 | D:3      | 2717 ||| INVOKING Spit Poison.
  2720 | D:3      | 2720 ||| INVOKING Spit Poison.
  2725 | D:3      | 2725 ||| INVOKING Spit Poison.
  2728 | D:3      | 2728 ||| INVOKING Spit Poison.
  2888 | D:3      | 2888 ||| UPGRADING to +0 pair of gloves of Rotten
                  | Amelioration {Regen+ Dex+4}.
  2893 | D:3      | 2893 ||| READING scroll labelled GETAIF NESHICK.
  2894 | D:3      | 2894 ||| READING 4 scrolls of identify.
  2894 | D:3      | 2894 ||| IDENTIFYING white potion
  2923 | D:4      | 2923 ||| INVOKING Spit Poison.
  2929 | D:4      | 2929 ||| INVOKING Spit Poison.
  2936 | D:4      | 2936 ||| INVOKING Spit Poison.
  3008 | D:4      | Reached skill level 6 in Ranged Weapons
  3008 | D:4      | Reached XP level 7. HP: 63/66 MP: 7/7
  3029 | D:4      | 3029 ||| Stepping ~*~*~tactically~*~*~ (outnumbered).
  3030 | D:4      | 3030 ||| INVOKING Spit Poison.
  3036 | D:4      | 3036 ||| INVOKING Spit Poison.
  3038 | D:4      | HP: 12/62 [gnoll/+0 halberd (8)]
  3039 | D:4      | 3039 ||| READING 4 scrolls of teleportation.
  3040 | D:4      | HP: 4/62 [orc/+1 falchion of draining (6)]
  3043 | D:4      | 3043 ||| INVOKING Spit Poison.
  3099 | D:4      | 3099 ||| INVOKING Spit Poison.
  3102 | D:4      | 3102 ||| INVOKING Spit Poison.
  3116 | D:4      | 3116 ||| INVOKING Spit Poison.
  3122 | D:4      | 3122 ||| INVOKING Spit Poison.
  3164 | D:4      | 3164 ||| INVOKING Spit Poison.
  3167 | D:4      | 3167 ||| INVOKING Spit Poison.
  3178 | D:4      | 3178 ||| INVOKING Spit Poison.
  3180 | D:4      | 3180 ||| Stepping ~*~*~tactically~*~*~ (outnumbered).
  3183 | D:4      | 3183 ||| INVOKING Spit Poison.
  3195 | D:4      | 3195 ||| INVOKING Spit Poison.
  3203 | D:4      | 3203 ||| INVOKING Spit Poison.
  3208 | D:4      | 3208 ||| INVOKING Spit Poison.
  3277 | D:4      | 3277 ||| Stepping ~*~*~tactically~*~*~ (outnumbered).
  3283 | D:4      | 3283 ||| Stepping ~*~*~tactically~*~*~ (outnumbered).
  3285 | D:4      | 3285 ||| Stepping ~*~*~tactically~*~*~ (outnumbered).
  3287 | D:4      | 3287 ||| INVOKING Spit Poison.
  3305 | D:4      | 3305 ||| INVOKING Spit Poison.
  3321 | D:4      | Found Iqavvuc's Armour Shoppe.
  3321 | D:4      | Found Reggoc's Book Shoppe.
  3322 | D:4      | 3322 ||| READING scroll labelled ISSALAITEY.
  3325 | D:4      | 3325 ||| INVOKING Spit Poison.
  3330 | D:4      | Found Gycy's Antique Armour Shoppe.
  3342 | D:4      | 3342 ||| INVOKING Spit Poison.
  3346 | D:4      | 3346 ||| INVOKING Spit Poison.
  3352 | D:4      | Reached skill level 7 in Ranged Weapons
  3364 | D:4      | 3364 ||| INVOKING Spit Poison.
  3372 | D:4      | 3372 ||| INVOKING Spit Poison.
  3391 | D:4      | 3391 ||| INVOKING Spit Poison.
  3394 | D:4      | 3394 ||| INVOKING Spit Poison.
  3429 | D:4      | 3429 ||| INVOKING Spit Poison.
  3435 | D:4      | 3435 ||| INVOKING Spit Poison.
  3437 | D:4      | Reached XP level 8. HP: 44/73 MP: 8/8
  3542 | D:4      | 3542 ||| INVOKING Spit Poison.
  3628 | D:4      | 3628 ||| UPGRADING to +0 leather armour of cold resistance.
  3638 | D:4      | 3638 ||| UPGRADING to +0 helmet.
  3643 | D:4      | 3643 ||| READING 2 scrolls of enchant armour.
  3643 | D:4      | 3643 ||| ENCHANTING +0 helmet.
  3644 | D:4      | 3644 ||| READING scroll of enchant armour.
  3644 | D:4      | 3644 ||| ENCHANTING +1 helmet.
  3679 | D:4      | 3679 ||| INVOKING Spit Poison.
  3706 | D:4      | 3706 ||| INVOKING Spit Poison.
  3710 | D:4      | 3710 ||| Stepping randomly (stuck).
  3734 | D:5      | Entered Level 5 of the Dungeon
  3743 | D:5      | Noticed Eustachio
  3744 | D:5      | 3744 ||| INVOKING Spit Poison.
  3751 | D:5      | 3751 ||| INVOKING Spit Poison.
  3756 | D:5      | 3756 ||| INVOKING Spit Poison.
  3760 | D:5      | 3760 ||| INVOKING Spit Poison.
  3767 | D:5      | 3767 ||| INVOKING Spit Poison.
  3770 | D:5      | 3770 ||| INVOKING Spit Poison.
  3784 | D:5      | 3784 ||| INVOKING Spit Poison.
  3789 | D:5      | 3789 ||| INVOKING Spit Poison.
  3793 | D:5      | 3793 ||| INVOKING Spit Poison.
  3796 | D:5      | 3796 ||| INVOKING Spit Poison.
  3801 | D:5      | 3801 ||| INVOKING Spit Poison.
  3808 | D:5      | 3808 ||| INVOKING Spit Poison.
  3809 | D:5      | HP: 16/73 [river rat[Eustachio] (6)]
  3810 | D:5      | 3810 ||| READING 3 scrolls of teleportation.
  3811 | D:5      | HP: 5/73 [river rat[Eustachio] (6)]
  3812 | D:5      | 3812 ||| INVOKING Spit Poison.
  3813 | D:5      | 3813 ||| READING 2 scrolls of teleportation.
  3814 | D:5      | Slain by Eustachio

Levels and vault maps discovered:
D:1:      co_arrival_hexagon_in_a_hexagon, layout_loops_ring,
          corexii_hall_statues_x, minmay_close_crescents
D:2:      layout_basic, basic_altar, minmay_tetromino_s2, uniq_jessica,
          uniq_sigmund, uniq_crazy_yiuf_cottage
D:3:      layout_loops_ring, grunt_temple_overflow_diamond
D:4:      layout_loops_ring, nicolae_shop_distant_corner_stores
D:5:      minmay_clustersquares, layout_loops_ring, hangedman_decor_lopped,
          uniq_eustachio, uniq_edmund, uniq_ijyb

Skill      XL: |  1  2  3  4  5  6  7 |
---------------+----------------------+-----
Ranged Weapons | 4 5 6 7 |  7.7
Fighting       | 4 |  4.6
Dodging        | 2 |  2.3
Stealth        | |  1.5

Action                     |  1- 3 |  4- 6 |  7- 9 || total
---------------------------+-------+-------+-------++-------
  Melee: Unarmed           |       |       |    12 ||    12
   Fire: Shortbow          |    70 |    89 |   120 ||   279
Ability: Spit Poison       |    20 |    29 |    41 ||    90
    Use: Scroll            |     2 |     8 |     6 ||    16
 Armour: Leather armour    |     6 |       |    93 ||    99
         Robe              |       |    15 |    11 ||    26
  Dodge: Dodged            |     7 |    24 |   125 ||   156

Table legend:
 A = Non-vault XP
 B = Vault XP
 C = Vault XP percentage of total XP
 D = Non-vault monster count
 E = Vault monster count
 F = Vault count percentage of total count
                 A         B        C        D         E       F
            +---------+---------+-------+---------+---------+-------
      Total |     988 |     268 |  21.3 |      92 |       7 |   7.1
            +---------+---------+-------+---------+---------+-------
        D:1 |      18 |       5 |  21.7 |      12 |       3 |  20.0
        D:2 |      48 |     263 |  84.6 |      23 |       4 |  14.8
        D:3 |      74 |       0 |   0.0 |      21 |       0 |   0.0
        D:4 |     848 |       0 |   0.0 |      36 |       0 |   0.0
            +---------+---------+-------+---------+---------+-------
